 Dungeon Crawl Stone Soup version 0.30-a0-879-ga8ba668304 (webtiles) character file.

Game seed: 5382590513201088097

5794 cforsyth the Fighter (level 10, -7/85 HPs)
             Began as a Barachi Fighter on Mar 12, 2023.
             Was a Follower of Cheibriados.
             Mangled by a two-headed ogre
             ... wielding a +0 giant spiked club
              (17 damage)
             ... on level 9 of the Dungeon on Mar 13, 2023.
             The game lasted 00:17:13 (10536 turns).

cforsyth the Fighter (Barachi Fighter)             Turns: 10536, Time: 00:17:14

Health: -7/85      AC: 17    Str: 22    XL:     10   Next: 79%
Magic:  0/10       EV: 14    Int: 15    God:    Cheibriados [*.....]
Gold:   496        SH:  5    Dex: 14    Spells: 9/9 levels left

rFire   . . .      SeeInvis .    a - +0 war axe (protect)
rCold   . . .      Faith    .    c - +0 buckler
rNeg    + . .      Spirit   +    k - +3 leather armour
rPois   .          Reflect  .    (no helmet)
rElec   .          Rampage  .    E - +2 cloak {Stlth+}
rCorr   .                        (no gloves)
Will    .....                    (no boots)
Stlth   ++                       l - amulet of guardian spirit
HPRegen 0.34/turn                z - ring of positive energy
MPRegen 0.12/turn                (no ring)

@: under a protective aura, very slow
A: amphibious, slowness 1, strong legs 1, +LOS
a: Hop, Renounce Religion, Bend Time


You were on level 9 of the Dungeon.
You worshipped Cheibriados.
Cheibriados was aware of your devotion.
You visited 2 branches of the dungeon, and saw 10 of its levels.
You also visited: Sewer.

You collected 574 gold pieces.
You spent 78 gold pieces at shops.

Inventory:

Hand Weapons
 a - a +0 war axe of protection (weapon)
Armour
 b - a +0 scale mail
 c - a +0 buckler (worn)
 k - a +3 leather armour (worn)
 E - a +2 cloak of stealth (worn)
Jewellery
 l - an amulet of guardian spirit (around neck)
 z - a ring of positive energy (left hand)
 G - a ring of flight
 J - a ring of magical power
Wands
 n - a wand of flame (31)
 x - a wand of iceblast (33)
 I - a wand of polymorph (18)
Scrolls
 e - 6 scrolls of teleportation
 i - a scroll of immolation
 o - a scroll of silence {unknown}
 p - 3 scrolls of blinking {unknown}
 r - a scroll of brand weapon
 s - 2 scrolls of vulnerability {unknown}
 u - a scroll of acquirement {unknown}
 w - 4 scrolls of noise {unknown}
 y - a scroll of poison {unknown}
 A - 2 scrolls of enchant weapon {unknown}
 C - 5 scrolls of identify
 D - 2 scrolls of amnesia {unknown}
 F - a scroll of torment {unknown}
 L - a scroll of summoning {unknown}
Potions
 d - a potion of degeneration {unknown}
 f - 3 potions of mutation
 g - a potion of brilliance {unknown}
 h - 3 potions of resistance
 j - a potion of invisibility {unknown}
 q - a potion of lignification {unknown}
 t - a potion of attraction {unknown}
 B - a potion of ambrosia {unknown}
 H - a potion of curing
 K - a potion of cancellation {unknown}
 M - a potion of magic {unknown}


   Skills:
 + Level 9.9 Fighting
 + Level 9.6 Axes
 + Level 9.9 Armour
 + Level 7.4 Dodging
 - Level 5.1 Shields


You had 9 spell levels left.
You didn't know any spells.
Your spell library contained the following spells:

 Spells                   Type           Power      Damage    Failure   Level
 Foxfire                  Conj/Fire      0%         2x1d4     36%         1
 Freeze                   Ice            0%         1d3       36%         1
 Slow                     Hex            0%         N/A       36%         1
 Confusing Touch          Hex            0%         N/A       75%         3
 Frozen Ramparts          Ice            0%         1d1       75%         3
 Hailstorm                Conj/Ice       0%         3d3       75%         3
 Vampiric Draining        Necr           0%         2d6       75%         3
 Olgreb's Toxic Radiance  Pois           0%         N/A       98%         4
 Fireball                 Conj/Fire      0%         3d3       100%        5
 Starburst                Conj/Fire      0%         6d3       100%        6
 Ozocubu's Refrigeration  Ice            0%         4d7       100%        7
 Ignition                 Fire           0%         3d3       100%        8


Dungeon Overview and Level Annotations

Branches:
Dungeon (9/15)             Temple (1/1) D:7            Lair (0/5) D:8
  Sewer (visited)
    Orc: D:9-12

Altars:
Ashenzari
Cheibriados
Dithmenos
Elyvilon
Fedhas
Gozag
Kikubaaqudgha
Nemelex Xobeh
Okawaru
Qazlal
Ru
Sif Muna
Trog
Uskayaw
Vehumet
Wu Jian
Xom
Yredelemnul
Zin
The Shining One

Shops:
D:4 *


Innate Abilities, Weirdness & Mutations

You are amphibious.
You cover ground slowly.
You can hop short distances.
You have an extended range of vision and can be seen from far away.


Message History

The two-headed ogre's minds are blasted!
The now-empty wand crumbles to dust.
You hit the two-headed ogre.
Your weapon exudes an aura of protection.
The two-headed ogre is heavily wounded.
The two-headed ogre misses you. The two-headed ogre barely misses you.
You hit the two-headed ogre.
The two-headed ogre is heavily wounded.
The two-headed ogre hits you with a +0 giant club!!
The two-headed ogre completely misses you.
You slash the two-headed ogre!
The two-headed ogre is severely wounded.
A hornet comes into view.
You hit the two-headed ogre but do no damage.
The two-headed ogre is severely wounded.
The two-headed ogre hits you with a +0 giant club!! x2
* * * LOW HITPOINT WARNING * * *
You hit the two-headed ogre but do no damage.
You slash the two-headed ogre! You block the two-headed ogre's attack.
The two-headed ogre hits you but does no damage.
The two-headed ogre closely misses you. The two-headed ogre misses you.
You slash the two-headed ogre!
The two-headed ogre is moderately wounded.
You hit the two-headed ogre but do no damage.
The two-headed ogre completely misses you.
The two-headed ogre barely misses you.
You hit the two-headed ogre.
The two-headed ogre is moderately wounded.
You hit the two-headed ogre.
The two-headed ogre hits you with a +0 giant club.
* * * LOW HITPOINT WARNING * * *
The two-headed ogre hits you with a +0 giant club!
* * * LOW HITPOINT WARNING * * *
You barely miss the two-headed ogre.
The two-headed ogre is moderately wounded.
You slash the two-headed ogre!
You kill the two-headed ogre!
Cheibriados appreciates the change of pace.
The two-headed ogre hits you with a +0 giant spiked club!!
You die...

.. ....#.#### ..##......#.#####
...... ....../.........# .....
................# ....
................ ...
..[...#....... ..
.............### ### .#
...>.....yO...#_# #_# .##
...........@.# #.## ##.#
..#..........#....# #..# #..#
..........#..###.## #..###..#
##............ #.# #...#...#
..............##.# #...#...#
.................####.......##
##...###.....##...##.........##
.##...#..........##...8...8...##
........).......##.............##


You could see a two-headed ogre and a hornet.

Vanquished Creatures
  A two-headed ogre (D:9)
  Pikel (D:6)
  A wizard (D:7)
  A manticore (D:8)
  Maurice (D:8)
  2 trolls
  Sigmund (D:6)
  3 yaks (D:7)
  A steam dragon (D:8)
  Edmund (D:6)
  3 water moccasins
  A black bear (D:8)
  A sky beast (D:6)
  An ice beast (D:5)
  2 ogres
  3 wolves (D:8)
  A lemure (D:6)
  2 phantoms (D:6)
  2 kobold brigands
  A bullfrog (D:7)
  4 scorpions
  4 howler monkeys
  A vampire bat (D:3)
  3 electric eels (D:8)
  8 hounds
  2 gnoll boudas
  3 jellies
  3 orc priests
  5 iguanas
  A sleepcap (D:5)
  Natasha (twice) (D:2)
  An orc wizard (D:4)
  13 gnolls
  5 adders
  2 river rats (D:4)
  A shadow imp (D:7)
  A white imp (D:7)
  A dart slug (D:5)
  3 fire bats (D:3)
  25 orcs
  2 spectral bats (D:3)
  3 bat skeletons (D:3)
  A bat zombie (D:3)
  7 endoplasms
  2 giant cockroaches (D:1)
  5 hobgoblins
  10 jackals
  3 quokkas
  7 ball pythons
  13 bats
  A bat simulacrum (D:3)
  4 frilled lizards
  7 goblins
  19 kobolds
  8 rats
210 creatures vanquished.

Vanquished Creatures (others)
  A hound (D:8)
  An orc (D:7)
  16 plants (D:5)
18 creatures vanquished.

Grand Total: 228 creatures vanquished

Notes
Turn   | Place    | Note
-------+----------+-------------------------------------------
     0 | D:1      | cforsyth the Barachi Fighter began the quest for the Orb.
     0 | D:1      | Reached XP level 1. HP: 18/18 MP: 1/1
     4 | D:1      | Noticed an electric eel
     5 | D:1      | Noticed an electric eel
   145 | D:1      | Reached XP level 2. HP: 25/25 MP: 2/2
   196 | D:1      | Reached XP level 3. HP: 28/30 MP: 3/3
   788 | D:2      | Noticed Natasha
   799 | D:2      | Killed Natasha
   800 | D:2      | Reached XP level 4. HP: 14/38 MP: 4/4
   838 | D:2      | Noticed Natasha
  1048 | D:2      | Killed Natasha
  1076 | D:2      | Found a faded altar of an unknown god.
  1142 | D:2      | Reached XP level 5. HP: 43/43 MP: 5/5
  1716 | D:3      | Reached skill level 5 in Fighting
  1716 | D:3      | Reached XP level 6. HP: 51/51 MP: 6/6
  1718 | D:3      | Reached skill level 5 in Armour
  1959 | D:3      | Found a shimmering blue altar of Sif Muna.
  1960 | D:3      | Found a shadowy altar of Dithmenos.
  1962 | D:3      | Found an ancient bone altar of Kikubaaqudgha.
  1962 | D:3      | Found a shimmering altar of Xom.
  2169 | D:4      | Found a glowing drain.
  2186 | Sewer    | Entered a sewer
  2226 | Sewer    | Noticed a water moccasin
  2241 | Sewer    | Killed a water moccasin
  2242 | Sewer    | Reached skill level 5 in Shields
  2242 | Sewer    | Reached XP level 7. HP: 20/56 MP: 7/7
  2687 | D:4      | Reached skill level 5 in Axes
  2903 | D:4      | Found Vyargh So Peth's Assorted Antiques.
  2910 | D:4      | Bought a scroll labelled ESYRCH LAEP for 21 gold pieces
  2910 | D:4      | Bought a ruby potion for 18 gold pieces
  2910 | D:4      | Bought a brown potion for 18 gold pieces
  2910 | D:4      | Bought a scroll labelled HAUS KULIYGH for 21 gold pieces
  3711 | D:5      | Entered Level 5 of the Dungeon
  4300 | D:5      | Found the +7 staff of the Meek {protect, meekguard}
  4307 | D:5      | Found a sparkling altar of Nemelex Xobeh.
  4360 | D:5      | Reached skill level 1 in Dodging
  4415 | D:5      | Reached XP level 8. HP: 58/64 MP: 8/8
  5143 | D:5      | Noticed a troll
  5152 | D:5      | Killed a troll
  5885 | D:6      | Noticed Sigmund
  5910 | D:6      | Reached XP level 9. HP: 34/72 MP: 3/9
  6407 | D:6      | Killed Sigmund
  6687 | D:6      | Noticed Edmund
  6701 | D:6      | Killed Edmund
  7026 | D:6      | Noticed Pikel
  7040 | D:6      | Killed Pikel
  7041 | D:6      | Reached skill level 5 in Dodging
  7327 | D:7      | Noticed a wizard
  7370 | D:7      | Killed a wizard
  7371 | D:7      | Reached XP level 10. HP: 46/82 MP: 4/10
  7509 | D:7      | Found a staircase to the Ecumenical Temple.
  7674 | Temple   | Entered the Ecumenical Temple
  7699 | Temple   | Became a worshipper of Cheibriados the Contemplative
  8195 | D:8      | Noticed Maurice
  8452 | D:8      | Noticed a manticore
  8467 | D:8      | Killed a manticore
  8781 | D:8      | Killed Maurice
  8925 | D:8      | Reached * piety under Cheibriados
  9340 | D:8      | Found a staircase to the Lair.
 10267 | D:9      | Noticed a two-headed ogre
 10270 | D:9      | HP: 2/85 [electric eel/bolt of electricity (9)]
 10285 | D:9      | Found a stormy altar of Qazlal.
 10285 | D:9      | Found a broken altar of Ashenzari.
 10492 | D:9      | Found a white marble altar of Elyvilon.
 10496 | D:9      | Found a bloodstained altar of Trog.
 10522 | D:9      | Noticed a two-headed ogre
 10536 | D:9      | Killed a two-headed ogre
 10536 | D:9      | Mangled by a two-headed ogre

Illustrated notes

Levels and vault maps discovered:
D:1:      arrival_aquarium_b, layout_basic
D:2:      layout_basic, basic_ecumenical_altar, cheibrodos_gnoll_hut,
          uniq_natasha
D:3:      layout_basic, grunt_temple_overflow_open, goddamned_bats
D:4:      layout_basic, serial_shops, shop, portal_sewer_entry_a
D:5:      kennysheep_six_static_rooms, layout_loops_cross,
          mainiacjoe_overflow_paths, serial_bayou_lake_a
D:6:      layout_basic, uniq_edmund, uniq_sigmund, uniq_pikel
D:7:      cheibrodos_wizards_tower, layout_loops_ring,
          minmay_temple_entry_mini_moons, corexii_hall_statues_deadend
D:8:      layout_basic, erik_lair_island, uniq_maurice
D:9:      layout_cave_pools, makhleb_altar_promises_db,
          minmay_overflow_temple_star_hex, serial_park, serial_park_fountain,
          serial_park_square1 [serial_park_minivault_5x5_4]
Temple:   chequers_temple_sunken

Skill      XL: |  1  2  3  4  5  6  7  8  9 10 |
---------------+-------------------------------+-----
Fighting       | 4 5 7 8 9 |  9.9
Armour         | 4 5 7 8 9 |  9.9
Axes           | 3 4 6 7 8 9 |  9.6
Shields        | 4 5 |  5.1
Dodging        | 1 3 6 7 |  7.4

Action                     |  1- 3 |  4- 6 |  7- 9 | 10-12 || total
---------------------------+-------+-------+-------+-------++-------
  Melee: War axe           |    73 |   216 |   480 |   164 ||   933
  Evoke: Wand              |       |       |     3 |    10 ||    13
    Use: Scroll            |       |     6 |     3 |     3 ||    12
         Potion            |       |     1 |     3 |     4 ||     8
   Stab: Sleeping          |       |     1 |       |     1 ||     2
 Armour: Scale mail        |    35 |     8 |       |       ||    43
         Leather armour    |       |   126 |   207 |   107 ||   440
  Dodge: Dodged            |    34 |   203 |   261 |   180 ||   678
  Block: Buckler           |    18 |    78 |   108 |    59 ||   263

Table legend: (Time is in decaauts)
 A = Elapsed time spent in this place.
 B = Non-inter-level travel time spent in this place.
 C = Inter-level travel time spent in this place.
 D = Time resting spent in this place.
 E = Time spent auto-exploring this place.
 F = Levels seen in this place.
 G = Mean time per level.
                   A        B        C        D        E       F      G
               +--------+--------+--------+--------+--------+-----+--------+
         Total |  12300 |  11923 |    377 |   2283 |   7251 |  11 | 1118.2 |
       Dungeon |  11886 |  11542 |    344 |   2059 |   7188 |   9 | 1320.7 |
        Temple |     62 |     30 |     32 |      0 |      0 |   1 |   62.0 |
         Sewer |    351 |    351 |      0 |    224 |     63 |   1 |  351.0 |
               +--------+--------+--------+--------+--------+-----+--------+

Top non-repeatable levels by time:
     D:8: 2283 daAuts
     D:4: 2069 daAuts
     D:5: 1878 daAuts
     D:6: 1530 daAuts
     D:7: 1355 daAuts
     D:1: 835 daAuts
     D:3: 818 daAuts
     D:2: 801 daAuts
   Sewer: 351 daAuts
     D:9: 314 daAuts
  Temple: 62 daAuts
